 Dungeon Crawl Stone Soup version 0.28-a0-474-g535839065c (webtiles) character file.

Game seed: 10874553564777085771

135 Tauromancer the Vexing (level 5, -4/41 HPs)
             Began as a Hill Orc Enchanter on Sept 15, 2021.
             Was a Follower of Sif Muna.
             Succumbed to a kobold brigand's curare-tipped dart
             ... in a sewer.
             The game lasted 00:28:10 (3837 turns).

Tauromancer the Vexing (Hill Orc Enchanter)         Turns: 3837, Time: 00:28:11

Health: -4/41      AC:  3    Str: 11    XL:     5   Next: 18%
Magic:  2/8        EV: 12    Int: 16    God:    Sif Muna [*.....]
Gold:   98         SH:  0    Dex: 11    Spells: 3/8 levels left

rFire   . . .      SeeInvis .   a - +1 dagger
rCold   . . .      Faith    .   (no shield)
rNeg    . . .      Spirit   .   b - +0 robe
rPois   .          Reflect  .   (no helmet)
rElec   .          Harm     .   (no cloak)
rCorr   .          Rampage  .   d - +0 pair of gloves
Will    .....                   (no boots)
Stlth   +.........              (no amulet)
HPRegen 0.13/turn               (no ring)
MPRegen 0.11/turn               (no ring)

@: lethally poisoned (-4 -> -18), slowed, very slow
A: no striking features
a: Renounce Religion, Channel Magic


You were in a sewer.
You worshipped Sif Muna.
Sif Muna was aware of your devotion.
You visited 1 branch of the dungeon, and saw 3 of its levels.
You also visited: Sewer.

You collected 98 gold pieces.

Inventory:

Hand Weapons
 a - a +1 dagger (weapon)
 k - a +0 whip of electrocution
Armour
 b - a +0 robe (worn)
 d - a +0 pair of gloves (worn)
Scrolls
 g - a scroll of fog {unknown}
 i - a scroll of blinking {unknown}
 l - a scroll of summoning {unknown}
Potions
 c - a potion of curing {unknown}
 e - a potion of mutation {unknown}
 f - a potion of haste {unknown}
 h - a potion of berserk rage {unknown}
 j - 2 potions of lignification


   Skills:
 + Level 1.9 Fighting
 - Level 2.0 Short Blades
 + Level 0.0 Maces & Flails
 - Level 1.0 Armour
 + Level 2.0 Dodging
 + Level 2.9 Stealth
 + Level 2.1 Spellcasting
 + Level 3.6 Hexes
 + Level 0.8 Invocations


You had 3 spell levels left.
You knew the following spells:

 Your Spells              Type           Power      Damage    Failure   Level
a - Ensorcelled Hibernat  Hex/Ice        14%        N/A       14%         2
b - Tukima's Dance        Hex            13%        N/A       14%         3

Your spell library contained the following spells:

 Spells                   Type           Power      Damage    Failure   Level
 Confusing Touch          Hex            13%        N/A       14%         3
 Dazzling Flash           Conj/Hex       14%        N/A       28%         3


Dungeon Overview and Level Annotations

Branches:
Dungeon (3/15)              Sewer (1/1)

Altars:
Sif Muna


Message History

You miscast Ensorcelled Hibernation.
You are very lightly contaminated with residual magic.
Nothing appears to happen.
You enter the shallow water.
Moving in this stuff is going to be slow.
The kobold brigand throws a curare-tipped dart.
The curare-tipped dart closely misses you.
Your magical contamination has completely faded away.
The kobold brigand throws a curare-tipped dart.
The curare-tipped dart hits you.
You are poisoned.
You have difficulty breathing.
You feel yourself slow down.
You feel very sick.
You feel very sick.
The kobold brigand throws a curare-tipped dart.
The curare-tipped dart barely misses you.
You feel very sick.
The kobold brigand throws a curare-tipped dart.
The curare-tipped dart hits you.
You are more poisoned.
You have difficulty breathing.
You feel as though you will be slow longer.
The kobold brigand throws a curare-tipped dart.
The curare-tipped dart hits you.
You are lethally poisoned!
You have difficulty breathing.
* * * LOW HITPOINT WARNING * * *
You feel as though you will be slow longer.
What are your orders? t - Shout!
Orders for allies: a - Attack new target. p - Attack previous target. r - Retreat! s - Stop attacking. g - Guard the area. f - Follow me.
Anything else - Cancel.
Okay, then.
You enter the shallow water.
Moving in this stuff is going to be slow.
* * * LOW HITPOINT WARNING * * *
You feel extremely sick.
You die...

..≈........≈≈≈≈#
≈≈≈≈≈∩.∩≈≈≈≈≈≈≈#
.≈≈.≈....≈≈≈..≈#
..≈.....≈.≈≈.≈≈##
.≈..≈...≈≈≈≈≈≈..## ####
##≈≈..≈≈..≈##≈≈≈.####≈≈≈
##≈...≈.≈####.≈.≈..≈≈##
##.≈.≈..≈## #≈≈≈≈≈≈≈≈#
#..≈.≈@≈≈.####...≈.≈≈##
.≈..≈.≈≈≈≈≈.≈########.≈≈
≈.≈≈#####..≈≈.# #### ≈≈.
##K...# ≈. ##.≈.# #.≈.#
#.≈≈# ##≈≈.## #≈..≈≈#


You could see a kobold brigand.

Vanquished Creatures
  2 gnolls
  3 adders
  A worm (D:2)
  A dart slug (D:1)
  4 ball pythons
  4 bats
  An endoplasm (D:2)
  2 giant cockroaches
  16 goblins
  3 hobgoblins
  4 jackals (D:1)
  8 kobolds
  3 quokkas
  2 frilled lizards
  3 rats
57 creatures vanquished.

Vanquished Creatures (collateral kills)
  2 gnolls (D:2)
2 creatures vanquished.

Vanquished Creatures (others)
  A dancing weapon (D:2)
1 creature vanquished.

Grand Total: 60 creatures vanquished

Notes
Turn   | Place    | Note
-------+----------+-------------------------------------------
     0 | D:1      | Tauromancer the Hill Orc Enchanter began the quest for the
                  | Orb.
     0 | D:1      | Reached XP level 1. HP: 14/14 MP: 3/3
   307 | D:1      | Reached XP level 2. HP: 19/22 MP: 4/4
   310 | D:1      | Learned a level 2 spell: Ensorcelled Hibernation
   992 | D:1      | Reached skill level 1 in Fighting
   992 | D:1      | Reached skill level 1 in Armour
  1058 | D:1      | Reached XP level 3. HP: 28/28 MP: 2/5
  1062 | D:1      | Learned a level 3 spell: Tukima's Dance
  1895 | D:2      | Reached XP level 4. HP: 35/35 MP: 6/6
  2581 | D:2      | Found a faded altar of an unknown god.
  2589 | D:2      | Became a worshipper of Sif Muna the Loreminder
  2589 | D:2      | Reached * piety under Sif Muna
  3325 | D:3      | Reached XP level 5. HP: 33/41 MP: 5/8
  3502 | D:3      | Found a glowing drain.
  3535 | Sewer    | Entered a sewer
  3817 | Sewer    | Noticed a kobold brigand
  3836 | Sewer    | HP: 2/41 [poisoned by a kobold brigand (curare-tipped
                  | dart)]
  3837 | Sewer    | Succumbed to a kobold brigand's curare-tipped dart

Illustrated notes

Levels and vault maps discovered:
D:1:      dpeg_arrival_refuge, layout_loops_corners, minivault_26,
          minmay_indecisive_spiral
D:2:      kennysheep_the_goblin_king, layout_basic,
          chequers_ecumenical_altar_simple_redux
D:3:      layout_loops_cross, gup_sewer_entry_glass
Sewer:    sewer_co_tree

Skill      XL: |  1  2  3  4  5 |
---------------+----------------+-----
Fighting       | 1 |  1.9
Armour         | 1 |  1.0
Spellcasting   | 2 |  2.1
Short Blades   | 2 |  2.0
Dodging        | 2 |  2.0
Stealth        | |  2.9
Hexes          | |  3.6
Invocations    | |  0.8

Action                   |  1- 3 |  4- 6 || total
-------------------------+-------+-------++-------
Melee: Dagger            |   115 |   109 ||   224
 Cast: Ensorcelled Hiber |    13 |     4 ||    17
       Tukima's Dance    |       |     5 ||     5
  Use: Scroll            |       |     3 ||     3
       Potion            |       |     1 ||     1
 Stab: Sleeping          |    13 |     5 ||    18
Armor: Robe              |    24 |    20 ||    44
Dodge: Dodged            |    62 |    85 ||   147

Table legend: (Time is in decaauts)
 A = Elapsed time spent in this place.
 B = Non-inter-level travel time spent in this place.
 C = Inter-level travel time spent in this place.
 D = Time resting spent in this place.
 E = Time spent auto-exploring this place.
 F = Levels seen in this place.
 G = Mean time per level.
                   A        B        C        D        E       F      G
               +--------+--------+--------+--------+--------+-----+--------+
         Total |   3872 |   3608 |    264 |   1075 |   1825 |   4 |  968.0 |
       Dungeon |   3520 |   3256 |    264 |    986 |   1679 |   3 | 1173.3 |
         Sewer |    351 |    351 |      0 |     89 |    146 |   1 |  351.0 |
               +--------+--------+--------+--------+--------+-----+--------+

Top non-repeatable levels by time:
     D:1: 1656 daAuts
     D:2: 1635 daAuts
   Sewer: 351 daAuts
     D:3: 228 daAuts
